 Dungeon Crawl Stone Soup version 0.31-a0-963-ga325b2283a (webtiles) character file.

Game seed: 6013335696877349586

92 IdlyInterested the Trooper (level 4, 0/35 HPs)
             Began as a Demonspawn Fighter on Oct 24, 2023.
             Slain by a gnoll
             ... wielding a +0 spear
              (7 damage)
             ... on level 2 of the Dungeon.
             The game lasted 00:04:25 (1400 turns).

IdlyInterested the Trooper (Demonspawn Fighter)     Turns: 1400, Time: 00:04:25

Health: 0/35       AC:  6    Str: 16    XL:     4   Next: 35%
Magic:  4/4        EV:  9    Int: 10    God:
Gold:   172        SH:  4    Dex: 14    Spells: 3/3 levels left

rFire   . .          .
                       - Unarmed
rCold   . . .        b - +0 buckler
rNeg    . . .        a - +0 scale mail
rPois   .            (no helmet)
rElec   .            (no cloak)
rCorr   .            (no gloves)
SInv    .            (no boots)
Will    .....        (no amulet) Stlth
                     (no ring)
HPRegen 1.25/turn    (no ring)
MPRegen 0.09/turn

%: no passive effects
@: mighty
A: powered by death 1, demonic touch 1
a: no special abilities


You were on level 2 of the Dungeon.
You visited 1 branch of the dungeon, and saw 2 of its levels.

You collected 172 gold pieces.

Inventory:

Hand Weapons
 k - a +0 dagger
 n - a +0 short sword
Missiles
 f - 15 stones (quivered)
Armour
 a - a +0 scale mail (worn)
 b - a +0 buckler (worn)
Jewellery
 i - a ring of see invisible
Talismans
 p - a blade talisman
Scrolls
 d - a scroll of identify {unknown}
 e - 2 scrolls of fear {unknown}
 g - a scroll of teleportation {unknown}
 l - a scroll of torment {unknown}
 m - a scroll of noise {unknown}
Potions
 c - a potion of might
 h - a potion of curing {unknown}
 j - 2 potions of heal wounds {unknown}
 o - a potion of brilliance {unknown}
 q - 2 potions of attraction {unknown}


   Skills:
 - Level 3.0 Fighting
 - Level 2.0 Throwing
 - Level 3.0 Armour
 + Level 1.8 Dodging
 - Level 1.0 Stealth
 - Level 2.6 Shields
 - Level 2.0 Unarmed Combat
 - Level 1.0 Evocations


You had 3 spell levels left.
You didn't know any spells.
Your spell library contained the following spells:

 Spells                   Type           Power      Damage    Failure   Level
 Necrotise                Necr           0%         1d4       87%         1
 Vampiric Draining        Necr           0%         2d6       99%         3
 Agony                    Necr           0%         N/A       100%        5


Dungeon Overview and Level Annotations

Branches:
Dungeon (2/15)

Altars:
Trog


Innate Abilities, Weirdness & Mutations

You regenerate a little health from kills.
Your touch may inflict minor irresistible damage on your foes.


Message History

Okay, then.
You punch Natasha!
You kill Natasha!
Natasha yowls pathetically as she dies!
Training target 2.0 for Throwing reached!
Your Throwing skill increases to level 2!
You need to enable at least one skill for training.
Training target 2.0 for Unarmed Combat reached!
Your Unarmed Combat skill increases to level 2!
You need to enable at least one skill for training.
You have reached level 4!
You feel clever.
Your demonic ancestry asserts itself...
Your hands begin to faintly glow with unholy energy.
You punch the endoplasm!
You kill the endoplasm!
You block the gnoll's attack. The gnoll attacks as it pursues you!
The gnoll closely misses you. The gnoll attacks as it pursues you!
The gnoll barely misses you.
A gnoll comes into view. It is wielding a +0 club.
The gnoll hits you with a +0 halberd!
* * * LOW HITPOINT WARNING * * *
You punch the gnoll!
The gnoll is almost dead.
The gnoll hits you with a +0 halberd.
* * * LOW HITPOINT WARNING * * *
You hit the gnoll.
You kill the gnoll!
You punch the hobgoblin!
You kill the hobgoblin!
You barely miss the rat. You block the rat's attack.
You barely miss the rat.
The gnoll hits you from afar with a +0 spear.
* * * LOW HITPOINT WARNING * * *
The rat closely misses you.
You barely miss the rat. The gnoll barely misses you.
The rat bites you but does no damage.
You punch the rat!
You kill the rat!
The gnoll hits you from afar with a +0 spear!
You die...

###...........
#.............
#.#........... .
#.#.....?..... ..
#.#........... ...
#@#......._... ....
#)#........... .....
#g#...........
......#g#...........
...
....................
#####..
.........#####......
......
..................##
.....#
##.......##########
.....# #.......#


You could see 2 gnolls.

Vanquished Creatures
  Natasha (D:2)
  An adder (D:2)
  A gnoll (D:2)
  2 dart slugs (D:1)
  6 endoplasms
  A giant cockroach (D:1)
  6 goblins (D:1)
  3 hobgoblins
  2 quokkas (D:1)
  2 ball pythons (D:1)
  9 bats
  2 frilled lizards
  5 kobolds (D:1)
  2 rats
43 creatures vanquished.

Notes
Turn   | Place    | Note
-------+----------+-------------------------------------------
     0 | D:1      | IdlyInterested the Demonspawn Fighter began the quest for
                  | the Orb.
     0 | D:1      | Reached XP level 1. HP: 18/18 MP: 1/1
   129 | D:1      | Reached skill level 1 in Dodging
   129 | D:1      | Gained mutation: You regenerate a little health from kills.
                  | [demonic ancestry]
   129 | D:1      | Reached XP level 2. HP: 23/24 MP: 2/2
   167 | D:1      | Reached skill level 1 in Stealth
   186 | D:1      | Reached skill level 1 in Evocations
   432 | D:1      | Found a faded altar of an unknown god.
   705 | D:1      | Reached XP level 3. HP: 29/29 MP: 3/3
   738 | D:1      | Reached skill level 1 in Throwing
  1373 | D:2      | Noticed Natasha
  1373 | D:2      | Found a bloodstained altar of Trog.
  1389 | D:2      | Killed Natasha
  1390 | D:2      | Gained mutation: Your touch may inflict minor irresistible
                  | damage on your foes. [demonic ancestry]
  1390 | D:2      | Reached XP level 4. HP: 17/35 MP: 4/4
  1400 | D:2      | Slain by a gnoll

Illustrated notes

Levels and vault maps discovered:
D:1:      spicycebolla_green_bress_n_ham, layout_basic,
          shapermc_ecumenical_altar_venn, minmay_gold_behind_fungi
D:2:      layout_basic, basic_altar, uniq_natasha

Skill      XL: |  1  2  3 |
---------------+----------+-----
Armour         | 3 |  3.0
Dodging        | 1 |  1.8
Stealth        | 1 |  1.0
Evocations     | 1 |  1.0
Throwing       | 2 |  2.0
Unarmed Combat | 2 |  2.0
Fighting       | |  3.0
Shields        | |  2.6

Action                     |  1- 3 |  4- 6 || total
---------------------------+-------+-------++-------
  Melee: Unarmed           |   166 |     8 ||   174
  Throw: Stone             |     4 |       ||     4
    Use: Potion            |     1 |       ||     1
 Armour: Scale mail        |   108 |     5 ||   113
  Dodge: Dodged            |    68 |     4 ||    72
  Block: Buckler           |    24 |     2 ||    26

Table legend: (Time is in decaauts)
 A = Elapsed time spent in this place.
 B = Non-inter-level travel time spent in this place.
 C = Inter-level travel time spent in this place.
 D = Time resting spent in this place.
 E = Time spent auto-exploring this place.
 F = Levels seen in this place.
 G = Mean time per level.
                   A        B        C        D        E       F      G
               +--------+--------+--------+--------+--------+-----+--------+
         Total |   1401 |   1203 |    198 |     74 |    767 |   2 |  700.5 |
       Dungeon |   1401 |   1203 |    198 |     74 |    767 |   2 |  700.5 |
               +--------+--------+--------+--------+--------+-----+--------+

Top non-repeatable levels by time:
     D:1: 1288 daAuts
     D:2: 113 daAuts
